 Dungeon Crawl Stone Soup version 0.16.0-18-g484a79e (webtiles) character file.

119 HungrySpirit the Magician (level 4, -10/24 HPs)
             Began as a Deep Elf Fire Elementalist on Mar 22, 2015.
             Mangled by MajorHonor's ghost (11 damage)
             ... on level 3 of the Dungeon.
             The game lasted 00:06:44 (2556 turns).

HungrySpirit the Magician (DEFE)                    Turns: 2556, Time: 00:06:45

Health: -10/24     AC:  4    Str:  5    XL:     4   Next: 73%
Magic:  2/15       EV: 13    Int: 21    God:
Gold:   66         SH:  0    Dex: 15    Spells: 2 memorised, 7 levels left

rFire  . . .     SeeInvis .     n - +2 trident (venom)
rCold  . . .     Clarity  +     a - +0 robe
rNeg   . . .     SustAb   .     (no shield)
rPois  .         Gourm    .     q - +0 helmet
rElec  .         Spirit   .     p - +0 cloak
rCorr  .         Warding  .     (no gloves)
rMut   .         Stasis   .     (no boots)
MR     .....                    e - amulet of clarity
Stlth  ++........               (no ring)
                                (no ring)

@: very slightly contaminated, not resistant to hostile enchantments, unstealthy
A: no striking features
a: no special abilities


You were on level 3 of the Dungeon.
You were very hungry.

You visited 1 branch of the dungeon, and saw 3 of its levels.

You collected 66 gold pieces.

Inventory:

Hand weapons
 f - a +0 short sword
 n - a +2 trident of venom (weapon)
Armour
 a - a +0 robe (worn)
 p - a +0 cloak (worn)
 q - a +0 helmet (worn)
Jewellery
 e - an amulet of clarity (around neck)
Magical devices
 k - a wand of slowing (12)
Scrolls
 i - a scroll of fear {unknown}
 j - 2 scrolls of immolation {unknown}
 l - a scroll of identify {unknown}
 m - a scroll of recharging {unknown}
 r - a scroll of blinking {unknown}
 t - a scroll of random uselessness {unknown}
Potions
 d - a potion of curing
 g - a potion of heal wounds {unknown}
 o - a potion of restore abilities {unknown}
 s - 2 potions of invisibility {unknown}
Books
 b - a book of Flames

   Spells                             Type                      Level
   a - Flame Tongue                   Conjuration/Fire             1
   b - Throw Flame                    Conjuration/Fire             2
   c - Conjure Flame                  Conjuration/Fire             3
   d - Inner Flame                    Hexes/Fire                   3
   e - Sticky Flame                   Conjuration/Fire             4
   f - Fireball                       Conjuration/Fire             5
Comestibles
 c - 2 bread rations
 h - 4 fruits


   Skills:
 + Level 3.1 Dodging
 + Level 3.2 Stealth
 + Level 4.0 Spellcasting
 * Level 3.2 Conjurations
 + Level 3.7 Fire Magic


You had 7 spell levels left.
You knew the following spells:

 Your Spells              Type           Power        Failure   Level  Hunger
a - Flame Tongue          Conj/Fire      ###..        2%          1    None
b - Conjure Flame         Conj/Fire      ###.....     10%         3    ###....


Dungeon Overview and Level Annotations

Branches:
Dungeon (3/15)

Altars:
Qazlal
Yredelemnul

Annotations:
D:3 MajorHonor's ghost, average HOBe; Sigmund


Message History

MajorHonor's ghost barely misses you.
You hit MajorHonor's ghost.
MajorHonor's ghost is almost destroyed.
MajorHonor's ghost hits you. MajorHonor's ghost misses you.
You closely miss MajorHonor's ghost.
MajorHonor's ghost is almost destroyed.
MajorHonor's ghost hits you!
* * * LOW HITPOINT WARNING * * *
You barely miss MajorHonor's ghost.
MajorHonor's ghost is almost destroyed.
MajorHonor's ghost hits you.
* * * LOW HITPOINT WARNING * * *
You hit MajorHonor's ghost but do no damage.
MajorHonor's ghost is almost destroyed.
MajorHonor's ghost hits you but does no damage.
MajorHonor's ghost closely misses you.
You closely miss MajorHonor's ghost.
MajorHonor's ghost is almost destroyed.
MajorHonor's ghost hits you!
You die...

####### > ....... #.#
#...... ####.# #.###..
..##.# #...... #.##.###
#.###<# #.##.#.## #.#
#.# #W##....####.###..
#@##..............
#.####.##....####.####.
###.........#.##
#.####. .........####.#
#...... #######..# #.#
#...(.. #..# #.#
######. #..# #.# #.
...# #.# #. .#.## ..#
#.


You could see MajorHonor's ghost.

Vanquished Creatures
  Crazy Yiuf (D:2)
  Ijyb (D:2)
  Terence (D:2)
  2 adders
  3 giant geckos
  3 giant cockroaches
  A goblin (D:1)
  6 hobgoblins
  2 jackals (D:2)
  8 kobolds
  2 quokkas (D:3)
  2 ball pythons
  8 bats
  A giant newt (D:2)
  2 rats
43 creatures vanquished.

Notes
Turn   | Place    | Note
--------------------------------------------------------------
     0 | D:1      | HungrySpirit, the Deep Elf Fire Elementalist, began the quest for the Orb.
     0 | D:1      | Reached XP level 1. HP: 10/10 MP: 5/5
   481 | D:1      | Reached XP level 2. HP: 15/15 MP: 6/8
   991 | D:2      | Found a basalt altar of Yredelemnul.
   995 | D:2      | Noticed Ijyb
  1015 | D:2      | Killed Ijyb
  1015 | D:2      | Reached XP level 3. HP: 3/19 MP: 0/11
  1236 | D:2      | Learned a level 3 spell: Conjure Flame
  1551 | D:2      | Noticed Terence
  1564 | D:2      | Killed Terence
  1564 | D:2      | Reached XP level 4. HP: 21/24 MP: 0/14
  1843 | D:2      | Noticed Crazy Yiuf
  1855 | D:2      | Killed Crazy Yiuf
  1855 | D:2      | Reached skill level 4 in Spellcasting
  2032 | D:3      | Found a stormy altar of Qazlal.
  2205 | D:3      | Noticed Sigmund
  2535 | D:3      | Noticed MajorHonor's ghost (average HOBe)
  2554 | D:3      | HP: 1/24 [MajorHonor's ghost (2)]
  2556 | D:3      | Mangled by MajorHonor's ghost

Action                   |  1- 3 |  4- 6 || total
-------------------------+-------+-------++-------
Melee: Dagger            |     4 |       ||     4
       Short sword       |    19 |       ||    19
       Trident           |       |    40 ||    40
 Cast: Flame Tongue      |    58 |    28 ||    86
       Conjure Flame     |     1 |     3 ||     4
 Stab: Sleeping          |     2 |     4 ||     6
  Eat: Chunk             |     2 |     2 ||     4
